 Dungeon Crawl Stone Soup version 0.27.1 (webtiles) character file.

Game seed: 13542985574931044388

2760 funkygono the Destroyer (level 9, -13/47 HPs)
             Began as a Gargoyle Fire Elementalist on Aug 22, 2021.
             Was a Follower of Vehumet.
             Mangled by Harold (19 damage)
             ... on level 7 of the Dungeon.
             The game lasted 00:20:21 (9863 turns).

funkygono the Destroyer (GrFE)                      Turns: 9863, Time: 00:20:22

Health: -13/47     AC: 16    Str: 13    XL:     9   Next: 69%
Magic:  1/19       EV: 12    Int: 18    God:    Vehumet [*.....]
Gold:   324        SH:  0    Dex: 10    Spells: 5/22 levels left

rFire    . . .     SeeInvis .   m - +4 flail (protect)
rCold    . . .     Faith    .   (no shield)
rNeg     + . .     Spirit   .   a - +0 robe
rPois    ∞         Reflect  .   (no helmet)
rElec    +         Harm     .   (no cloak)
rCorr    .         Rampage  .   e - +0 pair of gloves
Will     +....                  (no boots)
Stlth    ++........             o - amulet of the acrobat
HPRegen  0.15/turn              c - ring of willpower
MPRegen  0.16/turn              (no ring)

@: under a protective aura
A: sickness immunity, AC +6, negative energy resistance 1, electricity
resistance, torment resistance 1, petrification resistance
a: Renounce Religion


You were on level 7 of the Dungeon.
You worshipped Vehumet.
Vehumet was aware of your devotion.
You visited 2 branches of the dungeon, and saw 8 of its levels.
You also visited: Sewer.

You collected 324 gold pieces.

Inventory:

Hand Weapons
 m - a +4 flail of protection (weapon)
 n - a +2 whip
Armour
 a - a +0 robe (worn)
 d - a +0 leather armour
 e - a +0 pair of gloves (worn)
 u - a +0 kite shield
Jewellery
 c - a ring of willpower (left hand)
 o - an amulet of the acrobat (around neck)
Wands
 g - a wand of mindburst (17)
 t - a wand of iceblast (7)
 x - a wand of paralysis (7)
Scrolls
 b - 2 scrolls of teleportation
 r - 2 scrolls of magic mapping
 y - 3 scrolls of identify
Potions
 f - 3 potions of curing
 h - a potion of mutation
 i - 3 potions of attraction
 j - 6 potions of brilliance
 k - a potion of might {unknown}
 l - 2 potions of ambrosia
 p - a potion of heal wounds {unknown}
 q - a potion of invisibility {unknown}
 s - a potion of experience {unknown}
 v - 3 potions of lignification {unknown}
 w - a potion of magic {unknown}


   Skills:
 + Level 1.4 Fighting
 + Level 2.5 Maces & Flails
 + Level 2.5 Dodging
 - Level 2.1 Stealth
 * Level 7.0 Spellcasting
 * Level 8.0 Conjurations
 * Level 7.2 Fire Magic


You had 5 spell levels left.
You knew the following spells:

 Your Spells              Type           Power      Damage    Failure   Level
a - Foxfire               Conj/Fire      100%       2x1d9     1%          1
b - Conjure Flame         Conj/Fire      33%        6-21      1%          3
c - Sticky Flame          Conj/Fire      33%        2d5       4%          4
d - Fireball              Conj/Fire      16%        3d8       13%         5
e - Shock                 Conj/Air       80%        1d8       1%          1
f - Stone Arrow           Conj/Erth      40%        3d9       6%          3

Your spell library contained the following spells:

 Spells                   Type           Power      Damage    Failure   Level
 Sandblast                Erth           12%        2d6       11%         1
 Inner Flame              Hex/Fire       19%        N/A       8%          3
 Animate Skeleton         Necr           12%        N/A       11%         1
 Apportation              Tloc           12%        N/A       11%         1
 Corona                   Hex            6%         N/A       11%         1
 Sting                    Tmut/Pois      24%        1d4       11%         1
 Summon Small Mammal      Summ           24%        N/A       11%         1
 Corpse Rot               Necr/Air       N/A        N/A       16%         2
 Poisonous Vapours        Pois/Air       12%        N/A       16%         2
 Slow                     Hex            6%         N/A       16%         2
 Confusing Touch          Hex            6%         N/A       32%         3
 Swiftness                Air            6%         N/A       32%         3
 Freezing Cloud           Conj/Ice/Air   8%         6-21      69%         5
 Airstrike                Air            3%         N/A       71%         4
 Animate Armour           Summ/Erth      12%        N/A       71%         4
 Olgreb's Toxic Radiance  Pois           6%         N/A       71%         4
 Summon Ice Beast         Ice/Summ       6%         N/A       71%         4
 Summon Mana Viper        Hex/Summ       6%         N/A       96%         5
 Yara's Violent Unravell  Hex/Tmut       3%         3d4       96%         5
 Monstrous Menagerie      Summ           3%         N/A       100%        7
 Lehudib's Crystal Spear  Conj/Erth      10%        10d4      100%        8


Dungeon Overview and Level Annotations

Branches:
Dungeon (7/15)             Temple (1/1) D:4           Sewer (visited)

Altars:
Ashenzari
Cheibriados
Dithmenos
Elyvilon
Fedhas
Gozag
Hepliaklqana
Kikubaaqudgha
Makhleb
Okawaru
Qazlal
Ru
Sif Muna
Trog
Uskayaw
Vehumet
Wu Jian
Xom
Yredelemnul
Zin
The Shining One

Annotations:
D:7 Harold


Innate Abilities, Weirdness & Mutations

You are immune to sickness and miasma.
Your stone body is resilient. (AC +6)
You are immune to poison.
You resist negative energy. (rN+)
You are resistant to electric shocks. (rElec)
You are resistant to unholy torment.
You are immune to petrification.


Message History

Harold is moderately wounded.
The foxfire hits Harold.
Harold is heavily wounded.
Harold hits you with a +0 broad axe.
Harold hits your foxfire with a +0 broad axe.
Harold barely misses your foxfire.
Casting: Foxfire (safe; 1% risk of failure)
Confirm with . or Enter, or press ? or * to list all spells.
Aiming: Sticky Flame (dangerous; 4% risk of failure)
Press: ? - help, Shift-Dir - straight line, f - Harold
Aim: Harold, wielding a +0 broad axe, wearing a +2 ring mail of poison resistance, quivering a throwing net and carrying a wand of acid (12) (heavily wounded, ally target, 100% to hit)
The sticky flame hits Harold.
Harold is heavily wounded.
Harold is covered in liquid flames!
Harold burns!
The foxfire hits Harold.
Harold is heavily wounded.
The foxfire hits Harold but does no damage.
Harold is heavily wounded.
Harold closely misses you.
You hit Harold.
Your weapon exudes an aura of protection.
Harold is heavily wounded.
Harold burns!
Harold says, "Bounty hunting has been great, but I can't wait to retire."
Harold hits you with a +0 broad axe!
* * * LOW HITPOINT WARNING * * *
You thump Harold!
Harold is severely wounded.
Harold burns!
Harold barely misses you.
Casting: Sticky Flame (dangerous; 4% risk of failure)
Confirm with . or Enter, or press ? or * to list all spells.
Aiming: Sticky Flame (dangerous; 4% risk of failure)
Press: ? - help, Shift-Dir - straight line, f/p - Harold
Aim: Harold, wielding a +0 broad axe, wearing a +2 ring mail of poison resistance, quivering a throwing net and carrying a wand of acid (12) (almost dead, covered in liquid flames, 100% to hit)
The sticky flame hits Harold but does no damage.
Harold is almost dead.
Harold is covered in liquid flames!
Harold burns!
Harold closely misses you.
You hit Harold.
Harold is almost dead.
Harold burns!
Harold hits you with a +0 broad axe!!
You die...

#.# #.. #.# # #.#
#.# ##. #.# #.#
...####.##### #.#
............# #.#
............# #.#
........(...# #.#
#@@....##########.#
##................#
##....############
##...#
##....#######
##............
#.......######
#..#####.# ##. .#


You could see Harold (burning).

Vanquished Creatures
  A cyclops (D:7)
  Joseph (D:7)
  Edmund (D:4)
  Duvessa (D:7)
  A water moccasin (Sewer)
  An orc warrior (D:6)
  2 black bears (D:4)
  2 ogres
  A kobold brigand (D:6)
  2 bullfrogs (D:7)
  2 scorpions
  Dowan (D:7)
  4 wights (D:5)
  A bullfrog zombie (D:6)
  A howler monkey (D:6)
  2 hounds
  2 jellies (D:6)
  A gnoll shaman (D:4)
  2 orc priests
  2 bullfrog skeletons
  2 iguanas
  2 orc wizards (D:5)
  A howler monkey zombie (D:7)
  8 gnolls
  10 adders
  A river rat (D:5)
  An adder skeleton (D:4)
  2 worms
  A dart slug (D:4)
  7 orcs
  11 ball pythons
  3 endoplasms
  2 giant cockroaches
  6 goblins
  7 hobgoblins
  5 jackals
  16 kobolds
  A quokka (D:1)
  6 bats
  4 frilled lizards
  11 rats
138 creatures vanquished.

Vanquished Creatures (others)
  617 foxfires
617 creatures vanquished.

Grand Total: 755 creatures vanquished

Notes
Turn   | Place    | Note
-------+----------+-------------------------------------------
     0 | D:1      | funkygono the Gargoyle Fire Elementalist began the quest
                  | for the Orb.
     0 | D:1      | Reached XP level 1. HP: 10/10 MP: 3/3
   201 | D:1      | Reached XP level 2. HP: 15/15 MP: 0/5
   400 | D:1      | Found a faded altar of an unknown god.
   706 | D:1      | Reached XP level 3. HP: 15/19 MP: 1/6
   712 | D:1      | Learned a level 3 spell: Conjure Flame
  1703 | D:3      | Reached skill level 2 in Conjurations
  2048 | D:3      | Reached XP level 4. HP: 24/24 MP: 2/7
  2317 | D:3      | Reached XP level 5. HP: 16/28 MP: 1/9
  3047 | D:3      | Learned a level 4 spell: Sticky Flame
  3205 | D:4      | Noticed an ogre
  3210 | D:4      | Killed an ogre
  3211 | D:4      | Reached skill level 3 in Conjurations
  3211 | D:4      | Reached XP level 6. HP: 33/33 MP: 4/10
  3819 | D:4      | Found a staircase to the Ecumenical Temple.
  3830 | Temple   | Entered the Ecumenical Temple
  3940 | Temple   | Became a worshipper of Vehumet
  4127 | D:4      | Noticed a black bear
  4136 | D:4      | Killed a black bear
  4137 | D:4      | Reached skill level 5 in Fire Magic
  4417 | D:4      | Reached skill level 4 in Conjurations
  4629 | D:4      | Noticed a black bear
  4644 | D:4      | Killed a black bear
  4645 | D:4      | Reached XP level 7. HP: 37/37 MP: 6/13
  4651 | D:4      | Learned a level 5 spell: Fireball
  5422 | D:5      | Entered Level 5 of the Dungeon
  5801 | D:5      | Found a glowing drain.
  5814 | D:5      | Reached skill level 5 in Spellcasting
  5823 | Sewer    | Entered a sewer
  5870 | Sewer    | Reached * piety under Vehumet
  5870 | Sewer    | Offered knowledge of Sandblast by Vehumet.
  5954 | Sewer    | Reached skill level 5 in Conjurations
  5954 | Sewer    | Reached XP level 8. HP: 42/42 MP: 11/15
  6771 | D:5      | Noticed Edmund
  7448 | D:5      | Learned a level 1 spell: Shock
  7452 | D:5      | Learned a level 3 spell: Stone Arrow
  7815 | D:6      | Reached skill level 6 in Conjurations
  9232 | D:4      | Killed Edmund
  9233 | D:4      | Reached XP level 9. HP: 37/46 MP: 3/18
  9416 | D:7      | Noticed Duvessa
  9416 | D:7      | Noticed Dowan
  9417 | D:7      | Noticed a cyclops
  9445 | D:7      | Reached skill level 7 in Conjurations
  9448 | D:7      | Killed Duvessa
  9464 | D:7      | Killed Dowan
  9526 | D:7      | Killed a cyclops
  9527 | D:7      | Reached skill level 1 in Fighting
  9527 | D:7      | Reached skill level 1 in Maces & Flails
  9714 | D:7      | Noticed Joseph
  9724 | D:7      | Killed Joseph
  9725 | D:7      | Reached skill level 8 in Conjurations
  9846 | D:7      | Noticed Harold
  9863 | D:7      | Mangled by Harold

Illustrated notes

Levels and vault maps discovered:
D:1:      kennysheep_arrival_forest, layout_loops_ring,
          hellmonk_ecumenical_altar_arch_garden, minmay_pentomino_u4
D:2:      layout_basic, nicolae_underground_beach
D:3:      layout_basic, chequers_decorated_corner, minmay_pentomino_pile
D:4:      layout_basic, minmay_temple_entry_glassed_door
D:5:      layout_basic, portal_sewer_entry_e, uniq_edmund
D:6:      layout_layer_cave
D:7:      layout_loops_ring, serial_shops, shop, grunt_decor_resistance,
          uniq_harold, uniq_duvessa, uniq_prince_ribbit1, uniq_joseph
Temple:   kilobyte_greek_temple

Skill      XL: |  1  2  3  4  5  6  7  8  9 |
---------------+----------------------------+-----
Fire Magic     | 4 5 6 7 |  7.2
Conjurations   | 2 3 4 5 6 8 |  8.0
Spellcasting   | 3 4 5 6 7 |  7.0
Dodging        | 2 |  2.5
Fighting       | 1 |  1.4
Maces & Flails | 2 |  2.5
Stealth        | |  2.1

Action                   |  1- 3 |  4- 6 |  7- 9 || total
-------------------------+-------+-------+-------++-------
Melee: Unarmed           |     2 |       |       ||     2
       Club              |    17 |     7 |       ||    24
       Whip              |       |    16 |    23 ||    39
       Flail             |       |       |    25 ||    25
 Cast: Foxfire           |    59 |    91 |   206 ||   356
       Conjure Flame     |       |     1 |     3 ||     4
       Sticky Flame      |       |       |     9 ||     9
  Use: Scroll            |     2 |     3 |    11 ||    16
       Potion            |       |       |     1 ||     1
 Stab: Sleeping          |     1 |       |       ||     1
Armor: Robe              |    10 |    14 |    26 ||    50
Dodge: Dodged            |    25 |    49 |    79 ||   153
